 Dungeon Crawl Stone Soup version 0.19.5 (webtiles) character file.

9490 Azzok the Commander (level 11, 0/100 (101) HPs)
             Began as a Minotaur Fighter on July 4, 2017.
             Was a High Priest of Okawaru.
             Killed by vampiric draining
             ... invoked by a vampire
              (9 damage)
             ... on level 10 of the Dungeon.
             The game lasted 00:20:35 (10367 turns).

Azzok the Commander (Minotaur Fighter)             Turns: 10367, Time: 00:20:35

HP:   0/100 (101)   AC: 20    Str: 20    XL:     11   Next: 23%
MP:   18/18         EV:  9    Int:  9    God:    Okawaru [*****.]
Gold: 598           SH:  0    Dex: 14    Spells: 0 memorised, 10 levels left

rFire  . . .     SeeInvis .     H - +0 hand axe (elec)
rCold  . . .     Gourm    .     a - +7 chain mail "Agoixzov" {rPois Int+4 Stlth-}
rNeg   . . .     Faith    .     c - +0 shield
rPois  +         Spirit   .     (helmet restricted)
rElec  .         Reflect  .     (no cloak)
rCorr  .         Harm     .     s - +0 pair of gloves
MR     .....                    P - +0 pair of boots
Stlth  ..........               (no amulet)
                                (no ring)
                                (no ring)

@: confused, heroism
A: retaliatory headbutt, horns 2
a: Heroism, Finesse, Renounce Religion


You were on level 10 of the Dungeon.
You worshipped Okawaru.
Okawaru was extremely pleased with you.
You were not hungry.

You visited 1 branch of the dungeon, and saw 10 of its levels.
You also visited: Ossuary.

You collected 598 gold pieces.

Inventory:

Hand Weapons
 C - a +1 flail of draining
 H - a +0 hand axe of electrocution (weapon)
 J - a +0 shortbow
Missiles
 I - 252 arrows
Armour
 a - the +7 chain mail "Agoixzov" (worn) {rPois Int+4 Stlth-}
   (You found it on level 9 of the Dungeon)

   It affects your intelligence (+4).
   It protects you from poison.
   It makes you less stealthy.
 c - a +0 shield (worn)
 s - a +0 pair of gloves (worn)
 P - a +0 pair of boots (worn)
Rods
 N - a +0 lightning rod (9/9)
   (You found it on level 6 of the Dungeon)
Scrolls
 b - a scroll of magic mapping
 j - 4 scrolls of remove curse
 k - 2 scrolls of amnesia
 l - a scroll of enchant armour
 m - 5 scrolls of teleportation
 q - 2 scrolls of enchant weapon
 y - 2 scrolls of blinking
 B - a scroll of immolation
 E - 4 scrolls of recharging {unknown}
 F - a scroll of fear {unknown}
 K - 2 scrolls of noise {unknown}
 M - a scroll of random uselessness {unknown}
 Q - 2 scrolls of vulnerability {unknown}
 S - a scroll of summoning {unknown}
Potions
 d - 4 potions of might
 e - 2 potions of cure mutation {unknown}
 g - 6 potions of curing {unknown}
 t - 3 potions of agility {unknown}
 u - a potion of flight {unknown}
 v - a potion of degeneration {unknown}
 w - 2 potions of lignification {unknown}
 z - 2 potions of brilliance {unknown}
 A - 3 potions of resistance {unknown}
 D - 3 potions of heal wounds {unknown}
 G - a potion of magic {unknown}
 L - 4 potions of haste {unknown}
 O - 2 potions of mutation {unknown}
Books
 n - a book of Cantrips

   Spells                             Type                      Level
   a - Confusing Touch                Hexes                        1
   b - Animate Skeleton               Necromancy                   1
   c - Summon Small Mammal            Summoning                    1
   d - Apportation                    Translocation                1
 r - a book of Minor Magic

   Spells                             Type                      Level
   a - Magic Dart                     Conjuration                  1
   b - Blink                          Translocation                2
   c - Call Imp                       Summoning                    2
   d - Repel Missiles                 Charms/Air                   2
   e - Slow                           Hexes                        2
   f - Conjure Flame                  Conjuration/Fire             3
   g - Mephitic Cloud                 Conjuration/Poison/Air       3
Comestibles
 f - 5 bread rations {@e1}
 h - 6 fruits
 i - 6 chunks of flesh {@w0}
 o - 10 beef jerkies
 p - 2 slices of pizza
 x - 4 meat rations {@e2}


   Skills:
 - Level 10.3(15.3) Fighting
   Level 2.4(7.4) Long Blades
 + Level 11.4(16.4) Bows
 - Level 3.6(8.6) Armour
 - Level 3.6(8.6) Shields
 + Level 11.4 Invocations


You had 10 spell levels left.
You didn't know any spells.

Dungeon Overview and Level Annotations

Branches:
Dungeon (10/15)            Temple (0/1) D:6            Lair (0/6) D:9
    Orc: D:9-12

Altars:
Ashenzari
Dithmenos
Fedhas
Gozag
Hepliaklqana
Kikubaaqudgha
Makhleb
Nemelex Xobeh
Okawaru
Qazlal
Ru
Trog
The Shining One

Shops:
D:10 *


Innate Abilities, Weirdness & Mutations

You reflexively headbutt those who attack you in melee.
You have a pair of horns on your head.


Message History

You closely miss something. You headbutt something.
Something hits you but does no damage. You block something's attack.
You barely miss something. You block something's attack.
Something bites you but does no damage.
You hit something but do no damage.
You hear some strange, mumbled words.
Something tries to affect you, but you resist.
You sock something! Your headbutt misses something.
You hear some strange, mumbled words.
You are confused.
You bump into the rock wall.
Something hits you but does no damage. Something bites you.
* * * LOW HITPOINT WARNING * * *
Something draws strength from your injuries!
You take 1 damage, and have 9/100 hp.
Wield which item (- for none, * to show all)? (? for menu, Esc to quit)
You hear the crackle of electricity.
H - a +0 hand axe of electrocution (weapon)
Unholy energy fills the air.
You die...

···▒▒·········▒▒▒▒▒▒▒···········▒
····▒·····>···▒▒····'···········▒
··············▒··▒▒▒▒···········▒
···▒(·········'·▒▒ ▒···········▒
···▒··········▒▒▒ ▒···········▒
···▒··········▒▒▒▒ ▒···········▒
▒▒▒▒▒············▒ ▒▒▒▒▒▒▒▒▒▒'▒▒
▒▒▒▒▒▒'▒▒▒▒▒{▒ ▒·▒ ▒· ▒@▒ ▒·▒ ▒▒
▒···▒ ▒▒·▒ ····▒ ▒▒▒··▒ ·····▒
▒·)·▒▒ ▒▒▒ ··_··▒▒ ▒▒·▒▒▒ ···
······▒ ▒··▒ ▒▒▒ ·······▒ ▒▒·▒▒
·······▒▒ ▒··▒ ▒·▒▒


There were no monsters in sight!

Vanquished Creatures
  The ghost of Azzok the Archer, a novice MiFi (D:8)
  2 unseen horrors (D:10)
  The ghost of tognito the Cleaver, a novice MiBe of Trog (D:6)
  Psyche (D:9)
  2 centaur skeletons (D:10)
  A hornet (D:10)
  A hippogriff (D:8)
  2 wyverns
  3 yaks (D:9)
  A hungry ghost (D:9)
  Edmund (D:4)
  A water moccasin (D:10)
  A hornet zombie (D:9)
  3 phantoms
  A sky beast (D:10)
  2 ice beasts
  An eye of draining (D:10)
  2 orc warriors
  2 black bears
  2 necrophages
  6 ogres
  5 centaurs
  2 crocodiles
  2 big kobolds
  7 elf zombies (Ossuary)
  3 bullfrogs
  4 scorpions
  3 killer bees (D:8)
  A crimson imp (D:9)
  7 orc priests
  A centaur zombie (Ossuary)
  4 human zombies (Ossuary)
  A jelly (D:9)
  6 hounds
  10 orc wizards
  2 bullfrog skeletons
  3 iguanas
  Natasha (thrice) (D:3)
  7 worker ants
  4 hound zombies
  4 mummies
  A worker ant zombie (D:5)
  9 adders
  2 worms
  3 dart slugs
  2 leopard geckos
  38 orcs
  5 ball pythons
  8 giant cockroaches
  4 hobgoblins
  8 jackals
  7 kobolds
  2 quokkas
  8 bats
  4 frilled lizards
  8 goblins
  A hobgoblin zombie (D:6)
  A kobold zombie (D:6)
  9 rats
236 creatures vanquished.

Notes
Turn   | Place    | Note
-------+----------+-------------------------------------------
     0 | D:1      | Azzok the Minotaur Fighter began the quest for the Orb.
     0 | D:1      | Reached XP level 1. HP: 19/19 MP: 0/0
    53 | D:1      | Reached XP level 2. HP: 26/28 MP: 1/1
   486 | D:1      | Reached skill level 5 in Fighting
   592 | D:1      | Reached XP level 3. HP: 36/36 MP: 2/2
   767 | D:2      | Found a burning altar of Makhleb.
   958 | D:2      | Found a faded altar of an unknown god.
   973 | D:2      | Reached XP level 4. HP: 43/44 MP: 3/3
  1017 | D:2      | Found an iron altar of Okawaru.
  1021 | D:2      | Became a worshipper of Warmaster Okawaru
  1192 | D:2      | Noticed an earth elemental
  1193 | D:2      | Found a stormy altar of Qazlal.
  1194 | D:2      | Noticed a fire elemental
  1194 | D:2      | Noticed an air elemental
  1194 | D:2      | Noticed a water elemental
  1641 | D:3      | Noticed Natasha
  1649 | D:3      | Killed Natasha
  1679 | D:3      | Noticed a phantom
  1683 | D:3      | Reached skill level 1 in Invocations
  1723 | D:3      | Killed a phantom
  1723 | D:3      | Reached XP level 5. HP: 41/52 MP: 3/5
  1812 | D:3      | Noticed Natasha
  1817 | D:3      | Killed Natasha
  2107 | D:3      | Noticed Natasha
  2115 | D:3      | Killed Natasha
  2115 | D:3      | Reached XP level 6. HP: 39/60 MP: 6/6
  2400 | D:4      | Found a sacrificial altar of Ru.
  2416 | D:4      | Reached * piety under Okawaru
  2512 | D:4      | Reached XP level 7. HP: 65/69 MP: 8/8
  2704 | D:5      | Entered Level 5 of the Dungeon
  2830 | D:5      | Found a sparkling altar of Nemelex Xobeh.
  2983 | D:5      | Noticed Edmund
  3002 | D:4      | Killed Edmund
  3228 | D:5      | Reached ** piety under Okawaru
  3388 | D:5      | Reached skill level 10 in Fighting
  3501 | D:6      | Reached XP level 8. HP: 73/79 MP: 10/10
  3747 | D:6      | Found a sand-covered staircase.
  3798 | Ossuary  | Entered an ossuary
  4032 | Ossuary  | Reached skill level 1 in Bows
  4045 | Ossuary  | Reached skill level 5 in Invocations
  4305 | Ossuary  | Reached *** piety under Okawaru
  4512 | D:6      | Found a staircase to the Ecumenical Temple.
  4605 | D:6      | Found a faded altar of an unknown god.
  4605 | D:6      | Found a faded altar of an unknown god.
  4611 | D:6      | Found an opulent altar of Gozag.
  4613 | D:6      | Found a faded altar of an unknown god.
  4614 | D:6      | Found a faded altar of an unknown god.
  5045 | D:6      | Noticed tognito's ghost (novice MiBe)
  5059 | D:6      | Killed tognito's ghost
  5059 | D:6      | Reached skill level 5 in Bows
  5059 | D:6      | Reached XP level 9. HP: 40/86 MP: 11/13
  5119 | D:6      | Received a gift from Okawaru
  6128 | D:7      | Found a glowing golden altar of the Shining One.
  6191 | D:7      | Reached **** piety under Okawaru
  6576 | D:8      | Noticed Azzok's ghost (novice MiFi)
  6679 | D:8      | Killed Azzok's ghost
  6679 | D:8      | Received a gift from Okawaru
  7160 | D:8      | Reached XP level 10. HP: 93/93 MP: 15/15
  7480 | D:8      | Found an ancient bone altar of Kikubaaqudgha.
  7573 | D:8      | Reached ***** piety under Okawaru
  8047 | D:9      | Noticed Psyche
  8061 | D:9      | Received a gift from Okawaru
  8091 | D:9      | Killed Psyche
  8124 | D:9      | Found a bloodstained altar of Trog.
  8156 | D:9      | Reached skill level 10 in Invocations
  8189 | D:9      | Found a shadowy altar of Dithmenos.
  8198 | D:9      | Received a gift from Okawaru
  8215 | D:9      | Found a hazy altar of Hepliaklqana.
  8257 | D:9      | Got a translucent chain mail
  8269 | D:9      | Identified the +7 chain mail "Agoixzov" {rPois Int+4 Stlth-} (You found it on level 9 of the Dungeon)
  8363 | D:9      | Reached skill level 10 in Bows
  8364 | D:9      | Found a shattered altar of Ashenzari.
  8569 | D:9      | Found a staircase to the Lair.
  8784 | D:9      | Got a glittering amber ring
  9219 | D:10     | Entered Level 10 of the Dungeon
  9257 | D:10     | Killed an unseen horror
  9257 | D:10     | Received a gift from Okawaru
  9292 | D:10     | Received a gift from Okawaru
  9367 | D:10     | Reached XP level 11. HP: 99/100 MP: 9/18
  9451 | D:10     | Received a gift from Okawaru
  9462 | D:10     | Found Ydaatoargh's General Store.
  9497 | D:10     | Identified the ring of Adozadun {*Tele rC+++ rN++ MR-} (You found it on level 9 of the Dungeon)
  9661 | D:10     | Killed an unseen horror
 10330 | D:10     | Found a blossoming altar of Fedhas.
 10367 | D:10     | Killed from afar by a vampire

Skill      XL: |  1  2  3  4  5  6  7  8  9 10 11 |
---------------+----------------------------------+-----
Fighting       | 4 5 7 8 10 | 10.3
Invocations    | 2 3 4 7 9 10 11 | 11.4
Bows           | 5 8 10 11 | 11.4
Long Blades    | |  2.4
Armour         | |  3.6
Shields        | |  3.6

Action                   |  1- 3 |  4- 6 |  7- 9 | 10-12 || total
-------------------------+-------+-------+-------+-------++-------
Melee: Long sword        |    76 |   120 |    61 |       ||   257
       Headbutt          |     8 |    29 |    96 |    72 ||   205
       Flail             |       |       |    97 |   320 ||   417
       Hand axe          |       |       |   205 |    19 ||   224
Invok: Heroism           |       |       |       |     1 ||     1
Evoke: Rod               |       |       |       |     6 ||     6
       Wand              |       |       |       |     2 ||     2
  Use: Scroll            |       |       |     2 |     8 ||    10
  Eat: Chunk             |       |     5 |    13 |    13 ||    31
       Fruit             |       |       |     3 |     2 ||     5
Armor: Scale mail        |    42 |    52 |    94 |       ||   188
       Chain mail        |       |       |    34 |   285 ||   319
Dodge: Dodged            |    31 |    19 |    82 |    60 ||   192
Block: Shield            |    48 |    45 |   158 |   167 ||   418
       Rpst.: Long sword |     9 |     7 |     3 |       ||    19
